 Seeded DCSS version 0.29-a0-375-g5102b3be25 (webtiles) character file.

Game seed: 3853640191977401903 (custom seed)

5 zeratav the Insei (level 1, -2/13 HPs)
             Began as an Octopode Transmuter on May 3, 2022.
             Slain by a gnoll
             ... wielding a +0 club
              (3 damage)
             ... on level 1 of the Dungeon.
             The game lasted 00:00:22 (349 turns).

zeratav the Insei (Octopode Transmuter)              Turns: 349, Time: 00:00:23

Health: -2/13      AC:  1    Str:  9    XL:     1   Next: 80%
Magic:  1/3        EV: 13    Int: 15    God:
Gold:   13         SH:  0    Dex: 12    Spells: 3/4 levels left

rFire   . . .      SeeInvis .     - Unarmed
rCold   . . .      Faith    .   (no shield)
rNeg    . . .      Spirit   .   (helmet currently unavailable)
rPois   .          Reflect  .   (no amulet)
rElec   .          Harm     .   (no ring)
rCorr   .          Rampage  .   (no ring)
Will    .....                   (no ring)
Stlth   ++........              (no ring)
HPRegen 0.04/turn               (no ring)
MPRegen 0.08/turn               (no ring)
                                (no ring)
                                (no ring)

@: appendages
A: tentacle spike 3, almost no armour, amphibious, 8 rings, camouflage 1,
gelatinous body 1, (nimble swimmer 1), tentacles
a: End Transformation


You were on level 1 of the Dungeon.
One of your tentacles had grown a beastly spike.
You visited 1 branch of the dungeon, and saw 1 of its levels.

You collected 13 gold pieces.


Innate Abilities, Weirdness & Mutations

One of your tentacles has grown a beastly spike.
You cannot wear most types of armour.
You are amphibious.
You can wear up to eight rings at the same time.
Your skin changes colour to match your surroundings (Stealth+).
Your rubbery body absorbs attacks. (AC +1, EV +1)
((You are camouflaged when in or above water. (Stealth+)))
You have tentacles for arms and can constrict up to eight enemies at once.


   Skills:
 - Level 1.0 Fighting
 - Level 2.0 Dodging
 - Level 3.0 Unarmed Combat
 - Level 2.0 Spellcasting
 + Level 2.5 Transmutations


You had 3 spell levels left.
You knew the following spells:

 Your Spells              Type           Power      Damage    Failure   Level
a - Beastly Appendage     Tmut           18%        N/A       8%          1

Your spell library contained the following spells:

 Spells                   Type           Power      Damage    Failure   Level
 Wereblood                Tmut           9%         N/A       12%         2
 Spider Form              Tmut/Pois      5%         N/A       36%         3
 Ice Form                 Ice/Tmut       5%         N/A       78%         4

Inventory:

Scrolls
 c - 3 scrolls of teleportation {unknown}
 d - a scroll of amnesia {unknown}
Potions
 a - a potion of lignification {!q}
 b - a potion of curing {unknown}

Dungeon Overview and Level Annotations

Branches:
Dungeon (1/15)

Altars:

.P.# ... ... #...
.#...#. #### ... .##.##.
#<.##
..###$#####.....$.###...
......$.?.#........###..
.####..#...# #..##...
##..##.##.## #..#....
#..K$#.)#.#######.#>###
#gK@.#.........###
##.g##.......#...###
..####........###..#.
.....................
#####.........######.
#...†.....# ##
#.........# #.........#
#.........#


You could see 2 gnolls and 2 kobolds.


Message History

You are too injured to fight recklessly!
You are too injured to fight recklessly!
You are too injured to fight recklessly!
You are too injured to fight recklessly!
You are too injured to fight recklessly!
You are too injured to fight recklessly!
You are too injured to fight recklessly!
You are too injured to fight recklessly!
You are too injured to fight recklessly!
You are too injured to fight recklessly!
You are too injured to fight recklessly!
You are too injured to fight recklessly!
You are too injured to fight recklessly!
You are too injured to fight recklessly!
You are too injured to fight recklessly!
You are too injured to fight recklessly!
You are too injured to fight recklessly!
You are too injured to fight recklessly!
There are monsters nearby!
You tentacle-slap the endoplasm.
You pierce the endoplasm, but do no damage.
The endoplasm completely misses you.
You tentacle-slap the endoplasm but do no damage.
You pierce the endoplasm.
You kill the endoplasm!
The rat bites you.
HP[-2]
You take 2 damage, and now have 7/13 hp.
You tentacle-slap the rat. Your grab misses the rat.
You pierce the rat.
You kill the rat!
You see here 3 scrolls labelled SERAALURRU.
Your tentacle spike disappears.
The giant cockroach barely misses you. The giant cockroach bites you.
* * * LOW HITPOINT WARNING * * *
HP[-2]
You take 2 damage, and now have 5/13 hp.
You tentacle-slap the giant cockroach. Your grab misses the giant cockroach.
You squeeze the giant cockroach.
You kill the giant cockroach!
You see here a giant cockroach corpse.
MP[+1]
Your mp is fully restored (3).
You see here a giant cockroach corpse.
c - 3 scrolls labelled SERAALURRU
d - a scroll labelled WIKLIOLOKK HP[+1]
A gnoll comes into view. It is wielding a +0 club.
You see here a scroll labelled SULOOFOXOBO.
HP[+7]
Your hp is fully restored (13).
A gnoll is nearby!
A gnoll is nearby!
You miscast Beastly Appendage.
You are very lightly contaminated with residual magic.
Nothing appears to happen.
MP[-1]
You lost 1 mp, and now have 2/3 mp.
A kobold comes into view. It is wielding a +0 short sword.
The helpless kobold fails to defend itself.
You tentacle-slap the kobold.
You kill the kobold!
A kobold and a gnoll come into view.
The helpless gnoll fails to defend itself.
You tentacle-slap the gnoll. You grab the gnoll.
You constrict the gnoll, but do no damage.
The gnoll hits you with a +0 club.
Your magical contamination has completely faded away.
HP[-5]
You take 5 damage, and now have 8/13 hp.
MASSIVE DAMAGE!! (PAUSE)
You are too injured to fight recklessly!
You are too injured to fight recklessly!
You are too injured to fight recklessly!
Casting: Beastly Appendage (safe; 8% risk of failure)
Confirm with . or Enter, or press ? or * to list all spells.
One of your tentacles grows a vicious spike.
You constrict the gnoll, but do no damage.
The kobold shouts!
The gnoll shouts!
The kobold throws a stone.
The stone hits you. The gnoll hits you with a +0 club.
* * * LOW HITPOINT WARNING * * *
HP[-3] MP[-1]
You take 3 damage, and now have 5/13 hp.
MASSIVE DAMAGE!! (PAUSE)
You lost 1 mp, and now have 1/3 mp.
You tentacle-slap the gnoll but do no damage.
You pierce the gnoll.
You constrict the gnoll. The gnoll misses you.
A kobold comes into view. It is wielding a +0 whip.
You tentacle-slap the gnoll but do no damage.
You pierce the gnoll.
You constrict the gnoll. The gnoll barely misses you.
You tentacle-slap the gnoll but do no damage.
You constrict the gnoll, but do no damage.
The gnoll hits you with a +0 club.
* * * LOW HITPOINT WARNING * * *
HP[-4]
You take 4 damage, and now have 1/13 hp.
MASSIVE DAMAGE!! (PAUSE)
You release your grip on the gnoll.
The gnoll attacks as you move away! The gnoll hits you with a +0 club.
You die...

Action                   || total
-------------------------++-------
Melee: Unarmed           ||    13
       Kick              ||     6
       Constrict         ||     3
       Tentacles         ||     2
 Cast: Beastly Appendage ||     3
 Stab: Sleeping          ||     2
Dodge: Dodged            ||     8

Levels and vault maps discovered:
D:1:      minmay_arrival_jagged, layout_rooms, serial_bayou,
          serial_bayou_pond_b, serial_bayou_pond_c, serial_bayou_lake_a,
          serial_bayou_ford_a, ebering_ecumenical_altar_box,
          minmay_close_crescents

Notes
Turn   | Place    | Note
-------+----------+-------------------------------------------
     0 | D:1      | zeratav the Octopode Transmuter began the quest for the
                  | Orb.
     0 | D:1      | Reached XP level 1. HP: 13/13 MP: 3/3
     0 | D:1      | magus.rc [v1.9.6]
   348 | D:1      | HP: 1/13 [gnoll/+0 club (4)]
   349 | D:1      | Slain by a gnoll

Vanquished Creatures
  An endoplasm (D:1)
  A giant cockroach (D:1)
  A frilled lizard (D:1)
  2 kobolds (D:1)
  A rat (D:1)
6 creatures vanquished.

Table legend:
 A = Non-vault XP
 B = Vault XP
 C = Vault XP percentage of total XP
 D = Non-vault monster count
 E = Vault monster count
 F = Vault count percentage of total count
                 A         B        C        D         E       F
            +---------+---------+-------+---------+---------+-------
      Total |       7 |       1 |  12.5 |       5 |       1 |  16.7
            +---------+---------+-------+---------+---------+-------
        D:1 |       7 |       1 |  12.5 |       5 |       1 |  16.7
            +---------+---------+-------+---------+---------+-------

Illustrated notes

Table legend:
 A = Kills in this place as a percentage of kills in entire the game.
 B = Kills by you in this place as a percentage of kills by you in the entire game.
 C = Kills by friends in this place as a percentage of kills by friends in the entire game.
 D = Other kills in this place as a percentage of other kills in the entire game.
 E = Experience gained in this place as a percentage of experience gained in the entire game.
 F = Experience gained in this place divided by the number of levels of this place that you have seen.
                   A       B       C       D       E      F
               +-------+-------+-------+-------+-------+----------------------
         Total | 100.0 | 100.0 |   N/A |   N/A | 100.0 |   8.0
       Dungeon | 100.0 | 100.0 |   N/A |   N/A | 100.0 |   8.0
               +-------+-------+-------+-------+-------+----------------------

Table legend: (Time is in decaauts)
 A = Elapsed time spent in this place.
 B = Non-inter-level travel time spent in this place.
 C = Inter-level travel time spent in this place.
 D = Time resting spent in this place.
 E = Time spent auto-exploring this place.
 F = Levels seen in this place.
 G = Mean time per level.
                   A        B        C        D        E       F      G
               +--------+--------+--------+--------+--------+-----+--------+
         Total |    348 |    348 |      0 |      0 |    300 |   1 |  348.0 |
       Dungeon |    348 |    348 |      0 |      0 |    300 |   1 |  348.0 |
               +--------+--------+--------+--------+--------+-----+--------+

Top non-repeatable levels by time:
     D:1: 348 daAuts
